 Dungeon Crawl Stone Soup version 0.24-a0-789-g35933f4585 (webtiles) character file.

Game seed: 16471431630683545527, levelgen mode: deterministic

192 GordonOverkill the Firebug (level 5, -5/36 HPs)
             Began as a Demonspawn Fire Elementalist on Oct 10, 2019.
             Slain by an orc warrior
             ... wielding a +0 mace
              (12 damage)
             ... on level 2 of the Dungeon.
             The game lasted 00:04:46 (2845 turns).

GordonOverkill the Firebug (DsFE)                   Turns: 2845, Time: 00:04:47

Health: -5/36      AC: 10    Str:  8    XL:     5   Next: 42%
Magic:  0/8        EV: 10    Int: 18    God:
Gold:   107        SH:  0    Dex: 16    Spells: 7/8 levels left

rFire    . . .     SeeInvis +   i - +1 dagger (freeze)
rCold    + . .     Gourm    .   (no shield)
rNeg     . . .     Faith    .   h - +2 ring mail {rC+}
rPois    .         Spirit   +   (no helmet)
rElec    .         Reflect  .   (no cloak)
rCorr    .         Harm     .   (no gloves)
MR       .....                  (no boots)
Stlth    +.........             (no amulet)
HPRegen  0.12/turn              e - +3 ring of dexterity
MPRegen  0.11/turn              r - ring of see invisible

@: no status effects
A: molten scales 2, powered by death 1, magic shield
a: no special abilities


You were on level 2 of the Dungeon.
You were not hungry.

You visited 1 branch of the dungeon, and saw 3 of its levels.

You collected 107 gold pieces.

Inventory:

Hand Weapons
 i - a +1 dagger of freezing (weapon)
 t - a +0 war axe
Missiles
 g - 26 sling bullets
 l - 43 stones (quivered)
Armour
 a - a +0 robe
 h - a +2 ring mail of cold resistance (worn)
 q - a +0 leather armour
Jewellery
 e - a +3 ring of dexterity (left hand)
 r - a ring of see invisible (right hand)
Scrolls
 f - 2 scrolls of fog {unknown}
 j - 2 scrolls of remove curse {unknown}
 m - a scroll of enchant armour {unknown}
 p - 4 scrolls of identify {unknown}
 s - a scroll of amnesia {unknown}
Potions
 b - 2 potions of flight {unknown}
 d - a potion of might
 k - 2 potions of mutation {unknown}
 n - a potion of curing {unknown}
Comestibles
 c - 6 rations
 o - 5 chunks of flesh


   Skills:
 + Level 0.4 Fighting
 + Level 0.3 Axes
 - Level 1.7 Dodging
 - Level 1.7 Stealth
 - Level 2.0 Spellcasting
 + Level 3.7 Conjurations
 + Level 4.3 Fire Magic


You had 7 spell levels left.
You knew the following spells:

 Your Spells              Type           Power        Failure   Level  Hunger
a - Flame Tongue          Conj/Fire      ###..        11%         1    #......

Your spell library contained the following spells:

 Spells                   Type           Power        Failure   Level  Hunger
 Throw Flame              Conj/Fire      ###...       16%         2    ###....
 Conjure Flame            Conj/Fire      ###.....     32%         3    ###....
 Inner Flame              Hex/Fire       #.......     56%         3    ###....
 Sticky Flame             Conj/Fire      ###.....     71%         4    #####..
 Fireball                 Conj/Fire      ###.......   96%         5    ######.


Dungeon Overview and Level Annotations

Branches:
Dungeon (3/15)

Altars:
Ashenzari
Gozag


Innate Abilities, Weirdness & Mutations

You are mostly covered in molten scales. (AC +3)
You regenerate a little health from kills.
When hurt, damage is shared between your health and your magic reserves.


Message History

There is an open door here.
The orc warrior shouts loudly.
The orc warrior closely misses you.
There is a stone staircase leading up here.
The orc warrior hits you with a +0 mace!
You climb upwards.
There is a stone staircase leading down here.
You hit the orc warrior but do no damage.
The orc warrior hits you but does no damage.
You barely miss the orc warrior.
You hit the orc warrior but do no damage.
The orc warrior barely misses you.
You hit the orc warrior but do no damage.
The orc warrior hits you with a +0 mace!
You closely miss the orc warrior.
The orc warrior hits you with a +0 mace!
* * * LOW HITPOINT WARNING * * *
Your ring mail prevents you from hitting the orc warrior.
The orc warrior hits you with a +0 mace!
You die...

#)##.############ #
#.##............# #
#.#########.###.# #
##.#######.....#####
###.......#.8...8.#... +
#......##.#.......#...
#..##.#....##....._.....##
##..##.####o####.......###
##+###....[....@.# #.8...8.#
..)...####.####.# ##.....## ....#
#.# #.# ###.### #..# #.# #.#
###.#######
#####..#####.####.#####.........)
>...........................#####
#####..#................##### # #
#..#.###.####.#.###.######### #
#..#.# #.# #.#.# #..........


You could see an orc warrior.

Vanquished Creatures
  A centaur (D:3)
  An orc priest (D:3)
  3 adders
  An ooze (D:3)
  2 worms
  A dart slug (D:2)
  2 leopard geckos (D:1)
  3 orcs (D:3)
  A giant cockroach (D:2)
  6 hobgoblins
  2 jackals (D:2)
  A quokka (D:2)
  4 bats
  3 frilled lizards
  4 goblins
  7 kobolds
  6 rats
48 creatures vanquished.

Notes
Turn   | Place    | Note
-------+----------+-------------------------------------------
     0 | D:1      | GordonOverkill the Demonspawn Fire Elementalist began the
                  | quest for the Orb.
     0 | D:1      | Reached XP level 1. HP: 13/13 MP: 3/3
   524 | D:1      | Reached skill level 3 in Fire Magic
   561 | D:1      | Gained mutation: You are partially covered in molten
                  | scales. (AC +2) [demonic ancestry]
   561 | D:1      | Reached XP level 2. HP: 19/19 MP: 5/5
  1238 | D:2      | Found an opulent altar of Gozag.
  1555 | D:2      | Found a faded altar of an unknown god.
  1638 | D:2      | Gained mutation: You are mostly covered in molten scales.
                  | (AC +3) [demonic ancestry]
  1638 | D:2      | Reached XP level 3. HP: 20/24 MP: 2/6
  2342 | D:2      | You fall into a shaft and drop 1 floor!
  2358 | D:3      | Noticed a centaur
  2373 | D:3      | Killed a centaur
  2373 | D:3      | Reached skill level 4 in Fire Magic
  2373 | D:3      | Gained mutation: You regenerate a little health from kills.
                  | [demonic ancestry]
  2373 | D:3      | Reached XP level 4. HP: 26/30 MP: 4/7
  2387 | D:3      | Gained mutation: When hurt, damage is shared between your
                  | health and your magic reserves. [demonic ancestry]
  2387 | D:3      | Reached XP level 5. HP: 31/35 MP: 5/8
  2673 | D:3      | Found a shattered altar of Ashenzari.
  2787 | D:3      | Noticed an orc warrior
  2845 | D:2      | Slain by an orc warrior

Levels and vault maps discovered:
D:1:      wander_arrival_abandoned_jail, layout_basic
D:2:      minmay_wonky_spiral, layout_loops_ring, grunt_gozag_statues,
          chequers_ecumenical_altar_simple_redux, minmay_box_of_dots
D:3:      layout_basic, lemuel_doored_altar

Skill      XL: |  1  2  3 |
---------------+----------+-----
Fire Magic     | 3 4 |  4.3
Conjurations   | 2 3 |  3.7
Fighting       | |  0.4
Axes           | |  0.3
Dodging        | |  1.7
Stealth        | |  1.7
Spellcasting   | |  2.0

Action                   |  1- 3 |  4- 6 || total
-------------------------+-------+-------++-------
Melee: Dagger            |    83 |    70 ||   153
Throw: Stone             |     9 |       ||     9
 Cast: Flame Tongue      |    31 |     5 ||    36
  Use: Potion            |     2 |       ||     2
 Stab: Sleeping          |       |     1 ||     1
  Eat: Chunk             |     5 |     2 ||     7
Armor: Ring mail         |    39 |    17 ||    56
Dodge: Dodged            |    46 |    36 ||    82

Table legend:
 A = Non-vault XP
 B = Vault XP
 C = Vault XP percentage of total XP
 D = Non-vault monster count
 E = Vault monster count
 F = Vault count percentage of total count
                 A         B        C        D         E       F
            +---------+---------+-------+---------+---------+-------
      Total |     266 |       9 |   3.3 |      43 |       5 |  10.4
            +---------+---------+-------+---------+---------+-------
        D:1 |      18 |       0 |   0.0 |      13 |       0 |   0.0
        D:2 |      53 |       9 |  14.5 |      15 |       5 |  25.0
        D:3 |     195 |       0 |   0.0 |      15 |       0 |   0.0
            +---------+---------+-------+---------+---------+-------
